AoeStats
← Kiritastrich

Hideout

508672299Analyzed
1v1 RM · 10d ago on Sep 23, 2026· 25m 43s· 2 players
Game mode
Random Map
Map size
Tiny (2 player)
Population
200
Speed
Normal
Resources
Standard
Victory
Conquest
Starting age
Dark Age
Ending age
Imperial Age
RankedLock teamsTeams togetherTeam positionsShared explorationLock speedFull tech treeHidden civsTurbo modeCheats
Victory
Defeat
🇷🇺 Saxons · Russia
1824
+17
🇨🇴 Saxons · Colombia
1835
-17
Kiritastrich
9:34 Feudal Age
13:46 Castle Age
12:10 Double-Bit Axe
13:56 Fletching
20:09 Loom
[GDL] Capitan Nicky
6:37 Loom
8:46 Feudal Age
8:59 Man-at-Arms
9:45 Arson
10:53 Double-Bit Axe
22:16 Castle Age
21:58 Horse Collar
22:31 Scale Mail Armor
22:21 Long Swordsman
24:08 Bow Saw
24:08 Gambesons
24:59 Squires
25:15 Chain Mail Armor
Connection lost

Rejoining the realm…

Still unreachable

The connection could not be restored.

Session expired

The server has moved on; the page needs a fresh start.